[gd_scene load_steps=3 format=2]

[ext_resource path="res://Scenes/Menus/TitleScreen/MenuInterface/SubMenus/LobbyMenu/LobbyMenu.gd" type="Script" id=1]
[ext_resource path="res://Assets/Themes/SansTheme.tres" type="Theme" id=2]

[node name="LobbyMenu" type="Control"]
anchor_right = 1.0
anchor_bottom = 1.0
script = ExtResource( 1 )

[node name="PlayerLobby" type="Panel" parent="."]
visible = false
anchor_left = 0.5
anchor_top = 0.5
anchor_right = 0.5
anchor_bottom = 0.5
margin_left = -531.0
margin_top = -302.0
margin_right = -311.0
margin_bottom = 24.0
rect_scale = Vector2( 2, 2 )

[node name="Label" type="Label" parent="PlayerLobby"]
margin_left = 32.0
margin_top = 14.0
margin_right = 72.0
margin_bottom = 28.0
text = "Awaiting Players..."

[node name="PlayerList" type="ItemList" parent="PlayerLobby"]
margin_left = 32.0
margin_top = 28.0
margin_right = 191.0
margin_bottom = 250.0
mouse_filter = 2

[node name="StartButton" type="Button" parent="PlayerLobby"]
anchor_left = 0.5
anchor_right = 0.5
margin_left = -27.0
margin_top = 250.0
margin_right = 27.0
margin_bottom = 270.0
focus_mode = 0
text = "START!"

[node name="GamemodeLabel" type="Label" parent="PlayerLobby"]
margin_left = 31.0
margin_top = 277.0
margin_right = 71.0
margin_bottom = 291.0
text = "Gamemode:"

[node name="GamemodeSelect" type="OptionButton" parent="PlayerLobby"]
margin_left = 32.0
margin_top = 297.0
margin_right = 191.0
margin_bottom = 317.0
text = "Gamemode"

[node name="Connect" type="Panel" parent="."]
anchor_left = 0.5
anchor_top = 0.5
anchor_right = 0.5
anchor_bottom = 0.5
margin_left = -529.37
margin_top = -183.411
margin_right = -254.37
margin_bottom = -18.4109
rect_scale = Vector2( 2, 2 )

[node name="HostButton" type="Button" parent="Connect"]
margin_left = 210.0
margin_top = 28.0
margin_right = 252.0
margin_bottom = 48.0
text = "Host"

[node name="NameEdit" type="LineEdit" parent="Connect"]
margin_left = 30.0
margin_top = 28.0
margin_right = 182.0
margin_bottom = 52.0

[node name="JoinButton" type="Button" parent="Connect"]
margin_left = 210.0
margin_top = 96.0
margin_right = 245.0
margin_bottom = 116.0
text = "Join"

[node name="IPEdit" type="LineEdit" parent="Connect"]
margin_left = 30.0
margin_top = 96.0
margin_right = 182.0
margin_bottom = 120.0

[node name="NameLabel" type="Label" parent="Connect"]
margin_left = 15.0
margin_top = 14.0
margin_right = 57.0
margin_bottom = 28.0
text = "Name:"

[node name="IPLabel" type="Label" parent="Connect"]
margin_left = 15.0
margin_top = 79.0
margin_right = 57.0
margin_bottom = 93.0
text = "IP:"

[node name="ErrorLabel" type="Label" parent="Connect"]
margin_left = 15.0
margin_top = 136.0
margin_right = 252.0
margin_bottom = 150.0

[node name="ErrorPopup" type="AcceptDialog" parent="."]
margin_right = 83.0
margin_bottom = 58.0

[node name="GamemodeSelect" type="Control" parent="."]
visible = false
anchor_right = 1.0
anchor_bottom = 1.0
theme = ExtResource( 2 )

[node name="GamemodeContainer" type="GridContainer" parent="GamemodeSelect"]
anchor_top = 0.5
anchor_bottom = 0.5
margin_left = 128.0
margin_top = -31.0
margin_right = 271.0
margin_bottom = 31.0
rect_scale = Vector2( 2, 2 )

[node name="Shoot" type="Button" parent="GamemodeSelect/GamemodeContainer"]
margin_right = 143.0
margin_bottom = 29.0
text = "IT-Safety Quest"

[node name="Ball" type="Button" parent="GamemodeSelect/GamemodeContainer"]
margin_top = 33.0
margin_right = 143.0
margin_bottom = 62.0
text = "Play Ball"
[connection signal="pressed" from="PlayerLobby/StartButton" to="." method="_on_Start_pressed"]
[connection signal="item_selected" from="PlayerLobby/GamemodeSelect" to="." method="_gamemode_selected"]
[connection signal="pressed" from="Connect/HostButton" to="." method="_on_host"]
[connection signal="pressed" from="Connect/JoinButton" to="." method="_on_join"]
